 Dungeon Crawl Stone Soup version 0.30-a0-1160-g6e42c06551 (webtiles) character file.

Game seed: 802403727134427618

24 LustLizard the Slasher (level 3, -9/29 HPs)
             Began as a Human Chaos Knight on Apr 25, 2023.
             Was a Plaything of Xom.
             Engulfed by a death drake (glowing shapeshifter)'s foul pestilence (16 damage)
             ... on level 2 of the Dungeon.
             The game lasted 00:01:44 (948 turns).

LustLizard the Slasher (Human Chaos Knight)          Turns: 948, Time: 00:01:45

Health: -9/29      AC:  8    Str: 14    XL:     3   Next: 15%
Magic:  3/3        EV:  7    Int: 12    God:    Xom [..*...]
Gold:   39         SH:  0    Dex: 12    Spells: 2/2 levels left

rFire   . . .        a - +0 falchion (chaos)
rCold   . . .        (no shield)
rNeg    . . .        e - +0 chain mail
rPois   .            (no helmet)
rElec   .            (no cloak)
rCorr   .            (no gloves)
SInv    .            (no boots)
Will    .....        (no amulet) Stlth
                     (no ring)
HPRegen 0.24/turn    (no ring)
MPRegen 0.08/turn

%: no passive effects
@: lethally poisoned (-9 -> -46), slowed, very slow
A: no striking features
a: Renounce Religion


You were on level 2 of the Dungeon.
You worshipped Xom.
You were a toy of Xom.
You visited 1 branch of the dungeon, and saw 2 of its levels.

You collected 39 gold pieces.

Inventory:

Hand Weapons
 a - a +0 falchion of chaos (weapon)
Armour
 b - a +2 leather armour
 e - a +0 chain mail (worn)
Scrolls
 f - 2 scrolls of identify {unknown}
Potions
 d - a potion of brilliance {unknown}
Miscellaneous
 c - a piece from Xom's chessboard (15/15) (quivered)


   Skills:
 + Level 3.3 Fighting
 * Level 3.8 Long Blades
 - Level 2.0 Armour
 - Level 1.0 Dodging


You had 2 spell levels left.
You didn't know any spells.
Your spell library contained the following spells:

 Spells                   Type           Power      Damage    Failure   Level
 Kiss of Death            Conj/Necr      0%         2d5       99%         1
 Confusing Touch          Hex            0%         N/A       100%        3
 Ozocubu's Armour         Ice            0%         N/A       100%        3
 Dispel Undead            Necr           0%         3d6       100%        4
 Ozocubu's Refrigeration  Ice            0%         4d7       100%        7


Dungeon Overview and Level Annotations

Branches:
Dungeon (2/15)

Altars:


Message History

The quokka bites you but does no damage.
You closely miss the quokka. Your punch misses the quokka.
The quokka bites you but does no damage. x2
You hit the quokka.
The quokka resists with significant effort.
The quokka is severely wounded.
The quokka bites you.
You closely miss the quokka.
The quokka is severely wounded.
The quokka barely misses you.
A quokka is nearby!
You hit the quokka but do no damage.
The quokka changes into a glowing shapeshifter!
Xom thinks this is hilarious!
The glowing shapeshifter is lightly wounded.
The glowing shapeshifter changes into a swamp dragon!
You hit the swamp dragon but do no damage.
You punch the swamp dragon, but do no damage.
The swamp dragon bites you. The swamp dragon closely misses you.
The swamp dragon tramples you but does no damage.
A swamp dragon is nearby!
You hit the swamp dragon but do no damage.
The swamp dragon changes into a skyshark!
You hit the skyshark but do no damage.
The skyshark appears confused.
The skyshark changes into a death drake!
You hit the death drake.
Lightning courses through the death drake!
The death drake is moderately wounded.
The death drake breathes miasma at you. The foul vapour engulfs you!
You are poisoned.
You feel yourself slow down.
* * * LOW HITPOINT WARNING * * *
You barely miss the death drake.
The death drake is moderately wounded.
You are engulfed in dark miasma.
You are more poisoned.
Ouch! That really hurt!
You die...
Xom howls with laughter!

.####...##.##...#
#....#.##.#.#
#...##.##...#
#...........# #
#...##.##...# .#
#....#.##...# ..#
#....#.#...°#
...# #
#.##..°##°.#.#
.......°@k....#
.##....°##°#....
......°°. .. .
.##.##.## ..# #+
#. .# .. .. ... #
..


You could see a death drake shaped shifter (catching breath).

Vanquished Creatures
  A dart slug (D:1)
  A bat (D:1)
  2 endoplasms (D:1)
  3 giant cockroaches (D:1)
  4 goblins (D:1)
  A hobgoblin (D:1)
  A quokka (D:2)
  2 ball pythons (D:1)
  A kobold (D:1)
  4 rats (D:1)
20 creatures vanquished.

Vanquished Creatures (others)
  A plant (D:1)
1 creature vanquished.

Grand Total: 21 creatures vanquished

Notes
Turn   | Place    | Note
-------+----------+-------------------------------------------
     0 | D:1      | LustLizard the Human Chaos Knight began the quest for the
                  | Orb.
     0 | D:1      | Reached XP level 1. HP: 18/18 MP: 1/1
   247 | D:1      | XOM: silly message
   258 | D:1      | Reached XP level 2. HP: 24/24 MP: 2/2
   259 | D:1      | XOM: silly message
   621 | D:1      | Reached XP level 3. HP: 28/29 MP: 3/3
   737 | D:1      | XOM: silly message
   766 | D:1      | XOM: silly message
   943 | D:2      | a quokka changed into a glowing shapeshifter
   943 | D:2      | Noticed a glowing shapeshifter (glowing shapeshifter)
   943 | D:2      | a glowing shapeshifter changed into a swamp dragon
   943 | D:2      | Noticed a swamp dragon (glowing shapeshifter)
   945 | D:2      | a swamp dragon changed into a skyshark
   945 | D:2      | Noticed a skyshark (glowing shapeshifter)
   946 | D:2      | a skyshark changed into a death drake
   946 | D:2      | Noticed a death drake (glowing shapeshifter)
   948 | D:2      | Engulfed by a death drake (glowing shapeshifter)'s foul
                  | pestilence

Illustrated notes

Levels and vault maps discovered:
D:1:      minmay_arrival_solitary_statue, layout_loops_ring, serial_glass,
          glass_columns_b, glass_columns_a, eino_curves_03,
          grunt_decor_junction, minmay_misc_feat_chi, chequers_big_river
D:2:      layout_basic, kennysheep_generic_room_10

Action                     || total
---------------------------++-------
  Melee: Falchion          ||    57
         Punch             ||     1
 Armour: Leather armour    ||    18
         Chain mail        ||     7
  Dodge: Dodged            ||    37

Table legend: (Time is in decaauts)
 A = Elapsed time spent in this place.
 B = Non-inter-level travel time spent in this place.
 C = Inter-level travel time spent in this place.
 D = Time resting spent in this place.
 E = Time spent auto-exploring this place.
 F = Levels seen in this place.
 G = Mean time per level.
                   A        B        C        D        E       F      G
               +--------+--------+--------+--------+--------+-----+--------+
         Total |    962 |    956 |      6 |      0 |    781 |   2 |  481.0 |
       Dungeon |    962 |    956 |      6 |      0 |    781 |   2 |  481.0 |
               +--------+--------+--------+--------+--------+-----+--------+

Top non-repeatable levels by time:
     D:1: 915 daAuts
     D:2: 47 daAuts
